 Dungeon Crawl Stone Soup version 0.30-a0-824-g6c64550be9 (webtiles) character file.

Game seed: 11733433218528492646

45 Pimp the Trooper (level 3, 0/43 HPs)
             Began as a Demonspawn Berserker on Feb 27, 2023.
             Was a Follower of Trog.
             Slain by a hobgoblin (5 damage)
             ... led by Robin
             ... on level 2 of the Dungeon.
             The game lasted 00:02:04 (1303 turns).

Pimp the Trooper (Demonspawn Berserker)             Turns: 1303, Time: 00:02:05

Health: 0/43       AC:  2    Str: 19    XL:     3   Next: 42%
Magic:  3/3        EV: 12    Int: 10    God:    Trog [*.....]
Gold:   42         SH:  0    Dex: 12    Spells: 2/2 levels left

rFire   . . .      SeeInvis .    e - +0 war axe
rCold   . . .      Faith    .    (no shield)
rNeg    . . .      Spirit   .    b - +0 animal skin
rPois   .          Reflect  .    (no helmet)
rElec   .          Harm     .    (no cloak)
rCorr   .          Rampage  .    (no gloves)
Will    +....                    (no boots) Stlth
                                 (no amulet)
HPRegen 0.27/turn                g - ring of willpower
MPRegen 0.08/turn                (no ring)

@: berserking, very quick
A: foul stench 1, big brain 1
a: Renounce Religion, Berserk


You were on level 2 of the Dungeon.
You worshipped Trog.
Trog was aware of your devotion.
You visited 1 branch of the dungeon, and saw 2 of its levels.

You collected 42 gold pieces.

Inventory:

Hand Weapons
 a - a +0 hand axe
 e - a +0 war axe (weapon)
Missiles
 d - a throwing net (quivered)
Armour
 b - a +0 animal skin (worn)
Jewellery
 g - a ring of willpower (left hand)
Scrolls
 c - a scroll of enchant armour {unknown}
 h - 2 scrolls of identify {unknown}
Potions
 f - a potion of might {unknown}


   Skills:
 + Level 3.4 Fighting
 + Level 3.1 Axes
 + Level 2.3 Armour
 + Level 2.3 Dodging


You had 2 spell levels left.
You didn't know any spells.
Your spell library was empty.

Dungeon Overview and Level Annotations

Branches:
Dungeon (2/15)

Altars:

Annotations:
D:2 Robin


Innate Abilities, Weirdness & Mutations

You may rarely emit foul miasma when damaged in melee.
You have an unusually large brain. (Int +2)


Message History

Trog accepts your kill. 2 goblins and a hobgoblin come into view.
The goblin shouts!
You hear a shout!
The hobgoblin shouts!
You hear a shout!
A goblin comes into view. It is wielding a +0 dagger.
The goblin moves out of view. x2 2 hobgoblins and 2 goblins come into view.
Found a scroll labelled LEDGHA MADU.
The goblin shouts!
The hobgoblin shouts! x2
A goblin comes into view. It is wielding a +0 dagger.
The goblin shouts! x2; You hear a shout!
Robin and a hobgoblin come into view.
The goblin shouts!
The hobgoblin shouts!
A goblin comes into view. It is wielding a +0 club.
Found 17 gold pieces.
Robin roars a battlecry!
The goblins go into a battle-frenzy!
You closely miss the hobgoblin. Robin throws the goblin at you!
The hobgoblin closely misses you. The goblin barely misses you.
The hobgoblin hits you. The goblin hits you but does no damage.
The hobgoblin hits you.
You emit a cloud of foul miasma!
You slash the hobgoblin!
You kill the hobgoblin!
Trog accepts your kill.
You can now call upon Trog for regeneration and willpower.
You hit the hobgoblin. You hit the goblin.
You kill the goblin!
Trog accepts your kill.
You barely miss the goblin. You closely miss the goblin.
The goblin barely misses you. The goblin hits you with a +0 dagger.
The hobgoblin hits you. x2; The goblin hits you with a +0 dagger.
* * * LOW HITPOINT WARNING * * *
The goblin barely misses you. The goblin hits you but does no damage.
A red film seems to cover your vision as you go berserk!
You feel yourself moving faster!
You feel mighty!
You can no longer call upon Trog for regeneration and willpower.
The goblin closely misses you.
Robin hits you from afar with a +0 spear.
* * * LOW HITPOINT WARNING * * *
The hobgoblin hits you.
You die...

###########
#......$..#
#.........# ########
.........# #.......
#.......# #.......
#?.g.g..# #.......
#...ggg.# #.......
#...g@gg# #..†....
#....gg.#### ######.#
........)....# #.#
###.......##.# #.#
##########.#########.#
#.##.........
#.##.........
###.##.........
#......######..


You could see Robin, 3 hobgoblins and 6 goblins.

Vanquished Creatures
  3 dart slugs (D:1)
  A worm (D:2)
  3 ball pythons
  3 endoplasms
  2 giant cockroaches
  5 goblins
  5 hobgoblins
  A quokka (D:1)
  5 bats (D:1)
  A frilled lizard (D:2)
  2 kobolds (D:1)
  2 rats
33 creatures vanquished.

Notes
Turn   | Place    | Note
-------+----------+-------------------------------------------
     0 | D:1      | Pimp the Demonspawn Berserker began the quest for the Orb.
     0 | D:1      | Reached XP level 1. HP: 18/18 MP: 1/1
   211 | D:1      | Gained mutation: You have an unusually large brain. (Int
                  | +2) [demonic ancestry]
   211 | D:1      | Reached XP level 2. HP: 24/24 MP: 2/2
   686 | D:1      | Gained mutation: You may rarely emit foul miasma when
                  | damaged in melee. [demonic ancestry]
   686 | D:1      | Reached XP level 3. HP: 29/29 MP: 3/3
  1298 | D:2      | Noticed Robin
  1301 | D:2      | Reached ** piety under Trog
  1303 | D:2      | Slain by a hobgoblin

Illustrated notes

Levels and vault maps discovered:
D:1:      sevenhm_arrival_forest_fort_large_2, layout_basic
D:2:      layout_basic, minmay_3d_cube, uniq_robin

Skill      XL: |  1  2 |
---------------+-------+-----
Dodging        | 2 |  2.3
Armour         | 2 |  2.3
Axes           | 3 |  3.1
Fighting       | |  3.4

Action                     || total
---------------------------++-------
  Melee: Hand axe          ||    16
         War axe           ||    67
 Invoke: Berserk           ||     1
   Stab: Sleeping          ||     3
 Armour: Animal skin       ||    40
  Dodge: Dodged            ||    80

Table legend: (Time is in decaauts)
 A = Elapsed time spent in this place.
 B = Non-inter-level travel time spent in this place.
 C = Inter-level travel time spent in this place.
 D = Time resting spent in this place.
 E = Time spent auto-exploring this place.
 F = Levels seen in this place.
 G = Mean time per level.
                   A        B        C        D        E       F      G
               +--------+--------+--------+--------+--------+-----+--------+
         Total |   1327 |   1251 |     76 |     25 |    939 |   2 |  663.5 |
       Dungeon |   1327 |   1251 |     76 |     25 |    939 |   2 |  663.5 |
               +--------+--------+--------+--------+--------+-----+--------+

Top non-repeatable levels by time:
     D:1: 1088 daAuts
     D:2: 239 daAuts
